 Dungeon Crawl Stone Soup version 0.20-a0-850-ge5a7832 (webtiles) character file.

23 rope the Grave Robber (level 2, 0/19 HPs)
             Began as a Vampire Necromancer on Mar 11, 2017.
             Slain by a leopard gecko (4 damage)
             ... on level 1 of the Dungeon.
             The game lasted 00:07:53 (1077 turns).

rope the Grave Robber (Vampire Necromancer)         Turns: 1077, Time: 00:07:54

Health: 0/19       AC:  2    Str:  7    XL:     2   Next: 72%
Magic:  1/5        EV: 13    Int: 17    God:
Gold:   62         SH:  0    Dex: 14    Spells: 3/5 levels left

rFire    . . .     SeeInvis +   (no weapon)
rCold    . . .     Gourm    .   a - +0 robe
rNeg     + . .     Faith    .   (no shield)
rPois    .         Spirit   .   (no helmet)
rElec    .         Reflect  .   (no cloak)
rCorr    .         Harm     .   (no gloves)
MR       .....                  (no boots)
Stlth    ++........             (no amulet)
Regen    0.1/turn               (no ring)
MPRegen  0.1/turn               (no ring)

@: no status effects
A: fangs 3, see invisible, unbreathing
a: no special abilities


You were on level 1 of the Dungeon.
You were not thirsty.

You visited 1 branch of the dungeon, and saw 1 of its levels.

You collected 62 gold pieces.

Inventory:

Hand Weapons
 c - a +0 dagger
Missiles
 d - 14 stones (quivered)
Armour
 a - a +0 robe (worn)
Jewellery
 g - a +3 amulet of reflection {unknown}
Scrolls
 h - a scroll of teleportation {unknown}
 i - a scroll of remove curse {unknown}
 j - a scroll of noise {unknown}
 k - a scroll of amnesia {unknown}
Potions
 e - a potion of cancellation {unknown}
Books
 b - a book of Necromancy

   Spells                             Type                      Level
   a - Pain                           Necromancy                   1
   b - Animate Skeleton               Necromancy                   1
   c - Vampiric Draining              Necromancy                   3
   d - Regeneration                   Charms/Necromancy            3
   e - Animate Dead                   Necromancy                   4
   f - Control Undead                 Necromancy                   4
Comestibles
 f - 2 chunks of flesh


   Skills:
 + Level 2.3 Dodging
 - Level 3.0 Stealth
 - Level 0.4 Unarmed Combat
 + Level 2.1 Spellcasting
 * Level 5.0 Necromancy


You had 3 spell levels left.
You knew the following spells:

 Your Spells              Type           Power        Failure   Level  Hunger
a - Pain                  Necr           ###.         2%          1    #......
b - Animate Skeleton      Necr           N/A          2%          1    #......


Dungeon Overview and Level Annotations

Branches:
Dungeon (1/15)

Altars:


Innate Abilities, Weirdness & Mutations

You have razor-sharp teeth.
You have supernaturally acute eyesight. (SInv)
You can survive without breathing.


Message History

Your frilled lizard skeleton is destroyed!
The leopard gecko bites you.
You see here a chunk of flesh.
f - 2 chunks of flesh (gained 1)
The leopard gecko bites you but does no damage.
A leopard gecko is nearby!
You miss the leopard gecko.
The leopard gecko completely misses you.
You hit the leopard gecko.
The leopard gecko is heavily wounded.
The leopard gecko bites you but does no damage.
A frilled lizard comes into view.
You closely miss the leopard gecko.
The frilled lizard hisses angrily.
Your bite misses the leopard gecko.
The leopard gecko is heavily wounded.
The leopard gecko bites you. x2
* * * LOW HITPOINT WARNING * * *
The leopard gecko bites you.
You die...

.### #.....Z..# ##'## .#
####.##### #.# .# #.#
#.########### .# ###
##.##........Z .# ##
##...#.######## Z# #..
#..........# .# #.PP
##...#.###.# .#
#...P##########.....# #Z#
##
#P.P.l....l@.....######.#
###.P..########.........#
###### ##.######## #.#
###### #.# #....# #.#
##### #.##.# #.# #.Z.Z
#.##.# ####.# #Z###
#.##.#######....# #Z# #


You could see a leopard gecko and a frilled lizard.

Vanquished Creatures
  A dart slug (D:1)
  A giant cockroach (D:1)
  A goblin (D:1)
  2 hobgoblins (D:1)
  5 bats (D:1)
  7 frilled lizards (D:1)
  5 kobolds (D:1)
  A rat (D:1)
23 creatures vanquished.

Notes
Turn   | Place    | Note
-------+----------+-------------------------------------------
     0 | D:1      | rope the Vampire Necromancer began the quest for the Orb.
     0 | D:1      | Reached XP level 1. HP: 13/13 MP: 3/3
    55 | D:1      | Learned a level 1 spell: Animate Skeleton
   298 | D:1      | Reached XP level 2. HP: 14/19 MP: 1/5
  1036 | D:1      | Reached skill level 5 in Necromancy
  1077 | D:1      | Slain by a leopard gecko

Vault maps used:
D:1:      dpeg_arrival_signposts, nrook_mini_backslash, minmay_lizard_king

Skill      XL: |  1  2 |
---------------+-------+-----
Necromancy     | 5 |  5.0
Dodging        | |  2.3
Stealth        | |  3.0
Unarmed Combat | |  0.4
Spellcasting   | |  2.1

Action                   || total
-------------------------++-------
Melee: Unarmed           ||    22
       Bite              ||     1
 Cast: Pain              ||    27
       Animate Skeleton  ||    10
  Use: Potion            ||     1
Armor: Robe              ||    15
Dodge: Dodged            ||    30
